Map: Nephor I

Players

Mørtebianca - Winner!

  • Race: Zerg Zerg
  • League: Diamond
  • Spawn Location: 1:00

LaWeedaLoca - Winner!

  • Race: Terran Terran
  • League: Master
  • Spawn Location: 1:00

Jhyrachy - Winner!

  • Race: Zerg Zerg
  • League: Silver
  • Spawn Location: 12:00

Nessaja

  • Race: Protoss Protoss
  • Spawn Location: 7:00

Nightsan

  • Race: Zerg Zerg
  • League: Silver
  • Spawn Location: 7:00

Nayden

  • Race: Zerg Zerg
  • Spawn Location: 6:00

VOD

Have the link to the VOD?

Description

Time

  • Played on: Dec. 17, 2015, 6:55 p.m.
  • Length: 9:25
Show
View Real Time Build Order
Export as new Build Order

Mørtebianca Zerg - Winner!

Build Orders: Hatch First 

Get SALT Encoding   

  12  0:01  Drone  
  13  0:08  Drone  
  14  0:18  Overlord  
  14  0:37  Drone x3  
  17  0:57  Hatchery, Drone  
  17  1:01  Extractor  
  17  1:02  Drone  
  17  1:17  Spawning Pool  
  16  1:23  Drone x2  
  18  1:30  Drone  
  19  1:41  Overlord  
  19  1:56  Drone  
  20  2:09  Drone  
  20  2:15  Drone x2, Metabolic Boost  
  23  2:16  Queen x2  
  23  2:20  Drone  
  28  2:24  Drone  
  29  2:30  Drone  
  29  2:35  Overlord  
  30  2:43  Drone  
  32  2:58  Drone x3  
  34  3:07  Drone  
  34  3:09  Hatchery, Drone  
  35  3:14  Drone  
  35  3:19  Drone  
  37  3:20  Roach Warren  
  37  3:24  Drone  
  37  3:27  Drone x4  
  37  3:28  Drone x2  
  37  3:32  Extractor  
  37  3:33  Extractor  
  37  3:34  Drone  
  42  3:37  Drone  
  43  3:43  Drone  
  44  3:49  Overlord  
  44  3:59  Overlord x3  
  44  4:01  Lair  
  44  4:08  Drone  
  44  4:09  Drone x3  
  49  4:10  Drone  
  49  4:13  Extractor  
  48  4:23  Drone x2  
  50  4:25  Zergling x2, Evolution Chamber  
  50  4:26  Zergling x2, Evolution Chamber  
  50  4:32  Overlord x3  
  50  4:33  Overlord  
  50  4:39  Drone x2  
  50  4:40  Drone  
  50  4:41  Drone  
  50  4:43  Drone  
  50  4:44  Drone  
  56  4:49  Drone  
  56  4:50  Drone  
  58  4:53  Drone  
  58  4:54  Zerg Missile Weapons Level 1  
  58  4:58  Zerg Ground Armor Level 1  
  59  5:00  Drone  
  59  5:02  Drone  
  59  5:04  Drone  
  62  5:12  Drone x5  
  67  5:16  Extractor, Drone  
  67  5:17  Drone x2  
  67  5:18  Extractor  
  67  5:20  Queen  
  70  5:24  Drone  
  70  5:26  Drone  
  70  5:27  Drone  
  73  5:45  Spore Crawler  
  73  5:47  Spine Crawler  
  73  5:49  Overlord x2  
  71  5:50  Overlord x5, Spine Crawler  
  70  5:59  Roach x2  
  70  6:00  Roach x3  
  70  6:01  Glial Reconstitution  
  70  6:04  Burrow, Roach  
  80  6:06  Roach  
  80  6:10  Roach x2  
  80  6:11  Roach  
  90  6:13  Roach  
  90  6:14  Roach  
  90  6:16  Roach  
  96  6:19  Roach x2  
  96  6:21  Roach  
  96  6:22  Roach  
  106  6:40  Roach x8  
  106  6:44  Roach x2  
  124  6:49  Roach  
  124  6:52  Roach  
  126  6:55  Roach  
  126  6:58  Ravager x3  
  126  6:59  Ravager x9  
  126  7:01  Ravager  
  141  7:04  Roach x2  
  141  7:05  Roach  
  149  7:15  Roach  
  149  7:16  Roach x4  
  149  7:19  Hatchery  
  149  7:20  Tunneling Claws  
  156  7:23  Roach  
  156  7:24  Roach x6  
  167  7:32  Roach  
  169  7:42  Roach x3  
  149  7:52  Roach x5  
  143  8:00  Roach x2  
  138  8:07  Roach  
  126  8:17  Roach x2  
  126  8:18  Roach  
  119  8:23  Roach x3  
  123  8:28  Roach x6  
  123  8:29  Roach x3  
  135  8:38  Roach x3  
  141  8:41  Roach  
  137  8:50  Roach x3  
  137  8:55  Roach x6  
  147  9:05  Roach x3  
  159  9:24  Extractor  
Show
View Real Time Build Order
Export as new Build Order

LaWeedaLoca Terran - Winner!

Build Orders: Reaper Expand, MMM Bio 

Get SALT Encoding   

  12  0:01  SCV  
  13  0:13  SCV  
  14  0:19  Supply Depot  
  14  0:25  SCV  
  15  0:40  SCV  
  16  0:44  Barracks  
  16  0:46  Refinery  
  16  0:52  SCV  
  17  1:04  SCV  
  18  1:16  SCV  
  19  1:30  Orbital Command  
  19  1:32  Reaper  
  20  1:45  Command Center  
  20  1:50  Supply Depot  
  20  1:56  SCV  
  21  2:02  Refinery  
  21  2:04  Barracks Reactor  
  21  2:09  SCV  
  22  2:22  SCV  
  23  2:28  Factory  
  23  2:34  SCV  
  24  2:46  Marine x2, SCV  
  27  2:58  Orbital Command  
  27  3:02  SCV  
  28  3:07  Marine x2  
  30  3:13  Factory Tech Lab  
  30  3:15  Starport  
  30  3:18  SCV  
  31  3:27  SCV  
  32  3:28  Marine x2  
  32  3:30  SCV  
  34  3:37  Cyclone  
  34  3:39  SCV  
  38  3:42  SCV  
  38  3:45  Supply Depot  
  38  3:46  Marine x2  
  41  3:51  SCV, Medivac  
  41  3:54  SCV  
  45  4:01  Engineering Bay  
  45  4:03  SCV  
  45  4:06  Marine x2  
  45  4:08  Supply Depot  
  49  4:10  SCV  
  49  4:21  Barracks  
  49  4:23  Factory Reactor  
  49  4:25  Barracks  
  49  4:28  Marine x2  
  49  4:30  SCV  
  52  4:32  SCV  
  52  4:37  Terran Infantry Weapons Level 1  
  53  4:41  Supply Depot  
  53  4:46  Marine  
  54  4:57  SCV x2  
  54  4:58  Marine  
  54  4:59  Medivac  
  59  5:03  Marine  
  60  5:08  Marine  
  60  5:09  Widow Mine, SCV  
  60  5:10  SCV  
  64  5:16  Marine  
  65  5:21  Marine  
  65  5:22  SCV  
  65  5:25  Marine  
  67  5:29  Medivac  
  67  5:38  Stimpack  
  67  5:39  Barracks Tech Lab  
  67  5:43  SCV  
  67  5:44  Refinery, Barracks  
  67  5:46  Refinery  
  68  5:51  Supply Depot  
  68  5:53  Marine  
  68  5:54  Command Center, Barracks  
  68  5:56  Barracks  
  69  5:57  Combat Shields  
  69  6:02  Factory Reactor  
  69  6:08  Marine  
  70  6:12  Marine, Supply Depot  
  70  6:13  Marauder  
  70  6:14  Supply Depot  
  73  6:18  Medivac  
  73  6:20  Marine  
  73  6:23  SCV x2  
  78  6:47  Marine x2  
  78  6:48  Marauder, Barracks Tech Lab  
  84  6:59  Supply Depot  
  84  7:00  Barracks Reactor  
  82  7:02  Barracks Tech Lab, Supply Depot  
  82  7:03  Terran Infantry Armor Level 1  
  82  7:05  Supply Depot  
  81  7:35  Marine x5  
  81  7:36  Widow Mine, Marauder  
  90  7:37  Medivac x2  
  90  7:38  SCV x2  
  90  7:41  Orbital Command  
  90  7:43  Missile Turret  
  96  7:48  Concussive Shells  
  96  7:50  SCV x2  
  98  7:52  Engineering Bay  
  98  7:53  Marauder, Armory, Marine x2  
  98  7:54  Marauder, Supply Depot  
  98  7:55  Supply Depot  
  104  7:59  Marine  
  104  8:00  Marauder, Marine x2  
  104  8:02  SCV x2  
  111  8:07  Medivac  
  111  8:11  Marine  
  114  8:14  SCV x2  
  116  8:21  Marauder, Marine x6  
  116  8:26  Supply Depot  
  124  8:28  Marine, Supply Depot  
  125  8:38  SCV  
  125  8:39  Marine x2, SCV x2  
  125  8:40  Marauder x3  
  129  8:51  SCV x2  
  130  9:07  Marine x2  
Show
View Real Time Build Order
Export as new Build Order

Jhyrachy Zerg - Winner!

Build Orders: Hatch First 

Get SALT Encoding   

  12  0:03  Drone  
  13  0:13  Drone  
  14  0:19  Overlord  
  14  0:37  Drone x2  
  14  0:38  Drone  
  17  1:00  Hatchery, Drone  
  17  1:03  Extractor  
  16  1:04  Drone  
  17  1:19  Spawning Pool  
  17  1:22  Drone  
  17  1:31  Drone  
  18  1:41  Drone  
  19  1:52  Drone  
  20  2:00  Drone, Extractor  
  20  2:05  Drone  
  21  2:11  Queen  
  21  2:13  Queen  
  25  2:17  Overlord  
  25  2:32  Drone  
  25  2:33  Drone x2  
  25  2:36  Metabolic Boost  
  28  2:39  Drone  
  29  2:48  Drone x2  
  31  2:56  Lair  
  31  3:00  Drone x2  
  31  3:01  Drone  
  34  3:08  Extractor  
  34  3:09  Zergling x4  
  35  3:30  Drone  
  36  3:40  Overlord x2  
  36  3:51  Overlord x2  
  36  4:04  Spire  
  35  4:12  Drone  
  35  4:13  Drone x8  
  35  4:14  Extractor  
  43  4:19  Overlord x3  
  43  4:41  Drone  
  43  4:42  Drone x4  
  43  4:43  Drone  
  49  4:50  Zergling x6  
  49  4:51  Zergling x2  
  53  4:58  Overlord x2  
  53  5:34  Mutalisk x2  
  53  5:35  Mutalisk x5  
  67  5:41  Mutalisk x3  
  67  5:42  Mutalisk  
  75  5:58  Hatchery  
  74  6:06  Zerg Flyer Weapons Level 1  
  74  6:33  Queen  
  74  6:39  Mutalisk x2  
  78  6:40  Mutalisk x5  
  78  6:42  Overlord x3  
  78  6:43  Overlord x2  
  90  7:36  Drone  
  91  7:37  Drone x10  
  97  8:35  Mutalisk  
  97  8:36  Mutalisk x12  
Show
View Real Time Build Order
Export as new Build Order

Nessaja Protoss 

Build Orders: Double Forge 

Get SALT Encoding   

  12  0:03  Probe (Chrono Boost)  
  13  0:16  Pylon  
  13  0:21  Assimilator  
  13  0:36  Gateway  
  13  0:53  Gateway  
  14  1:11  Probe (Chrono Boost)  
  14  1:22  Probe (Chrono Boost)  
  14  1:25  Cybernetics Core  
  15  1:38  Forge  
  16  1:40  Probe (Chrono Boost)  
  16  1:53  Pylon  
  16  2:00  Pylon  
  16  2:02  Warp Gate (Chrono Boost)  
  16  2:09  Adept  
  16  2:15  Adept  
  20  2:29  Photon Cannon  
  20  2:42  Pylon  
  20  3:03  Photon Cannon  
  20  3:13  Protoss Ground Armor Level 1 (Chrono Boost), Forge  
  20  3:24  Photon Cannon  
  20  3:46  Twilight Council  
  20  3:57  Probe  
  21  4:05  Protoss Ground Weapons Level 1 (Chrono Boost)  
  21  4:09  Probe  
  22  4:21  Probe  
  23  4:38  Nexus  
  23  4:40  Stalker  
  25  4:56  Robotics Facility  
  25  5:06  Protoss Ground Armor Level 2 (Chrono Boost)  
  25  5:31  Assimilator  
  25  5:47  Mothership Core  
  27  5:50  Probe  
  28  6:02  Probe  
  29  6:09  Probe  
  30  6:14  Probe  
  31  6:19  Assimilator  
  31  6:20  Assimilator  
  31  6:21  Probe  
  32  6:26  Probe  
  32  6:27  Zealot x2  
  37  6:33  Probe  
  37  6:39  Probe  
  39  6:40  Gateway  
  39  6:42  Gateway, Observer  
  37  7:03  Observer  
  37  7:08  Stalker x2  
  37  8:02  Stalker x4  
  42  8:29  Stalker x2  
Show
View Real Time Build Order
Export as new Build Order

Nightsan Zerg 

Build Orders: Pool First 

Get SALT Encoding   

  12  0:03  Drone  
  13  0:13  Drone  
  14  0:21  Overlord  
  14  0:39  Drone x2  
  16  0:49  Drone  
  17  1:00  Spawning Pool, Drone  
  17  1:03  Extractor  
  16  1:04  Drone  
  17  1:13  Drone  
  18  1:27  Hatchery  
  17  1:40  Overlord  
  17  1:48  Overlord  
  17  1:54  Queen  
  17  1:56  Zergling x2  
  17  2:00  Zergling x2  
  21  2:07  Drone  
  22  2:19  Drone  
  23  2:27  Drone  
  24  2:33  Metabolic Boost  
  24  2:37  Queen  
  24  2:40  Queen  
  24  2:44  Drone  
  29  3:04  Extractor  
  28  3:09  Drone x2  
  30  3:56  Lair, Evolution Chamber  
  30  3:58  Drone x2  
  30  3:59  Drone  
  32  4:16  Drone  
  33  4:31  Drone x4  
  37  4:41  Zerg Missile Weapons Level 1  
  37  5:06  Hydralisk Den  
  36  5:11  Overlord x3  
  36  5:12  Overlord  
  36  5:28  Overlord x2  
  36  5:29  Overlord  
  36  5:30  Overlord  
  36  5:41  Hydralisk x4  
  36  5:42  Hydralisk x3  
  48  5:43  Hydralisk  
  52  5:51  Extractor  
  52  5:54  Extractor, Drone x3  
  52  5:55  Drone x3  
  56  6:06  Drone  
  57  6:24  Hydralisk  
  59  6:32  Hatchery  
  58  6:33  Hydralisk x2  
  58  6:34  Hydralisk x2  
  58  6:35  Zerg Ground Armor Level 1  
  66  6:50  Drone  
  66  6:51  Drone x2  
  66  6:52  Drone x3  
  51  7:36  Hydralisk  
  51  7:37  Hydralisk x6  
  45  7:38  Hydralisk  
  32  8:18  Hydralisk x2  
  32  8:21  Zergling x4  
  32  8:22  Zergling x4  
  35  8:33  Zergling x14  
  35  8:34  Zergling x4  
  44  8:45  Hatchery  
  43  8:49  Zergling x2  
Show
View Real Time Build Order
Export as new Build Order

Nayden Zerg 

Build Orders: Hatch First 

Get SALT Encoding   

  12  0:01  Drone  
  13  0:09  Drone  
  14  0:21  Overlord  
  14  0:25  Extractor, Drone  
  15  0:40  Drone x2  
  17  1:08  Drone x3  
  17  1:10  Hatchery  
  19  1:27  Spawning Pool  
  19  1:29  Evolution Chamber  
  17  1:35  Drone x2  
  17  1:36  Extractor  
  18  2:05  Drone x2  
  21  2:08  Drone  
  21  2:14  Extractor  
  20  2:16  Roach Warren, Queen  
  20  2:24  Spine Crawler  
  20  2:27  Drone x3  
  21  2:58  Drone  
  21  2:59  Drone x4  
  21  3:03  Queen  
  28  3:19  Zerg Missile Weapons Level 1  
  28  3:29  Overlord  
  28  3:30  Overlord  
  28  3:33  Lair  
  28  3:48  Drone x3  
  29  3:49  Drone  
  29  3:50  Drone x2  
  29  3:51  Drone  
  35  4:10  Spore Crawler, Queen  
  36  4:18  Drone x5  
  41  4:30  Drone x3  
  44  4:32  Overlord  
  44  4:42  Overlord  
  44  4:44  Glial Reconstitution  
  44  4:50  Queen  
  46  4:59  Roach x3  
  52  5:00  Overlord x2  
  48  5:32  Roach  
  48  5:33  Roach x5  
  48  5:34  Roach x4  
  48  5:35  Roach x2  
  67  5:51  Zerg Missile Weapons Level 2  
  67  6:16  Hatchery  
  66  6:33  Roach  
  68  6:46  Overlord  
  68  6:47  Overlord x2  
  68  7:03  Spore Crawler  
  68  7:04  Spore Crawler  
  64  7:09  Spore Crawler, Roach x6  
  64  7:10  Spore Crawler, Roach x4  
  64  7:11  Roach  
  73  7:44  Roach x3  
  73  7:45  Roach x3  
  51  8:05  Roach x5  
  51  8:06  Roach x2  
  40  8:22  Roach x5  
  34  8:34  Roach x2  
Tags
 
Add a new tag
Caveats
  • Supply blocks, unpowered buildings, or Contaminate may cause inaccurate times.
  • Supply counts are checked every 10 seconds.